 Dungeon Crawl Stone Soup version 0.30-b1-2-g02819fbbbe (webtiles) character file.

Game seed: 14450209477212000936

37 manyhoops the Digger (level 3, -2/26 HPs)
             Began as a Demigod Earth Elementalist on Dec 1, 2023.
             Slain by Sigmund
             ... wielding a +0 scythe
              (8 damage)
             ... on level 2 of the Dungeon.
             The game lasted 00:01:35 (931 turns).

manyhoops the Digger (Demigod Earth Elementalist)    Turns: 931, Time: 00:01:35

Health: -2/26      AC:  3    Str:  8 (9)  XL:     3   Next: 8%
Magic:  7/9        EV: 12    Int: 19 (21) God:
Gold:   25         SH:  0    Dex: 13 (14) Spells: 5/6 levels left

rFire   . . .        n - +0 dagger (venom)
rCold   . . .        (no shield)
rNeg    . . .        a - +0 robe
rPois   .            (no helmet)
rElec   .            (no cloak)
rCorr   .            (no gloves)
SInv    .            h - +0 pair of boots
Will    .....        (no amulet)
Stlth   +            (no ring)
HPRegen 0.24/turn    (no ring)
MPRegen 0.11/turn

%: no passive effects
@: confused
A: high MP 1, forlorn, divine attributes
a: no special abilities


You were on level 2 of the Dungeon.
You visited 1 branch of the dungeon, and saw 2 of its levels.

You collected 25 gold pieces.

Inventory:

Hand Weapons
 n - a +0 dagger of venom (weapon)
Armour
 a - a +0 robe (worn)
 h - a +0 pair of boots (worn)
 k - a +0 buckler
Scrolls
 d - 3 scrolls of identify {unknown}
 e - a scroll of teleportation {unknown}
 i - a scroll of fear {unknown}
Potions
 b - a potion of magic
 c - a potion of attraction {unknown}
 f - a potion of might {unknown}
 l - a potion of berserk rage {unknown}
 m - a potion of heal wounds {unknown}


   Skills:
 - Level 1.7 Dodging
 - Level 1.7 Stealth
 + Level 2.4 Spellcasting
 - Level 0.8 Transmutations
 + Level 3.5 Earth Magic


You had 5 spell levels left.
You knew the following spells:

 Your Spells              Type           Power      Damage    Failure   Level
a - Sandblast             Erth           30%        2d9       3%          1

Your spell library contained the following spells:

 Spells                   Type           Power      Damage    Failure   Level
 Passwall                 Tmut/Erth      8%         N/A       10%         2
 Summon Small Mammal      Summ           8%         N/A       16%         1
 Stone Arrow              Conj/Erth      16%        3d8       24%         3
 Call Canine Familiar     Summ           2%         N/A       43%         3
 Summon Guardian Golem    Hex/Summ       2%         N/A       43%         3
 Petrify                  Tmut/Erth      10%        N/A       54%         4


Dungeon Overview and Level Annotations

Branches:
Dungeon (2/15)

Annotations:
D:2 1 runed translucent door, Crazy Yiuf, Sigmund


Innate Abilities, Weirdness & Mutations

You have an increased reservoir of magic. (+10% MP)
You shall have no god before yourself.
Your divine heritage dramatically boosts your attributes as you level up.


Message History

Sigmund gestures at you while chanting.
You are confused.
Sigmund says, "Look into my eyes."
Sigmund casts a spell at you.
You are more confused.
You hear a bark!
You're too confused to cast spells.
Sorry, you're not good enough to have a special ability.
Unknown command.
Unknown command.
You're too confused to cast spells.
Sorry, you're not good enough to have a special ability.
Unknown command.
Unknown command.
You bump into the rock wall.
A jackal comes into view. x2
Sigmund hits you from afar with a +0 scythe!
You bump into the rock wall.
The jackal barks!
You hear a bark!
The goblin attacks as you move away! The goblin hits you with a +0 dagger.
A jackal comes into view.
You're too confused to cast spells.
Sorry, you're not good enough to have a special ability.
Unknown command.
Unknown command.
You bump into the rock wall.
The goblin hits you with a +0 dagger.
Sigmund hits you from afar with a +0 scythe.
Okay, then.
You are too confused!
Unknown command.
You're too confused to move!
The goblin hits you with a +0 dagger.
Sigmund hits you from afar with a +0 scythe.
* * * LOW HITPOINT WARNING * * *
You bump into the rock wall.
The goblin misses you.
You bump into the rock wall.
The goblin hits you but does no damage. Sigmund misses you.
You bump into the rock wall.
The goblin barely misses you.
A goblin comes into view. It is wielding a +0 club.
Sigmund hits you from afar with a +0 scythe!
You die...

...##.# ..#
#...#.. ...##.# +#
g.# .....###
...##.# ..#.#
#......# ...##.#
.#.###.#......
#####.#
.....g#.....
......########
#hh.#
.............. #@#
###........... #g#
#.#########. #@#
#.# #.# #.# #.#
#.# #.# ###.## #.#
.....# #.# .....#
###.# .....# #...#
###'##########...#


You could see Sigmund, 2 jackals and 2 goblins.

Vanquished Creatures
  An adder (D:2)
  A dart slug (D:1)
  A ball python (D:1)
  3 endoplasms (D:1)
  2 giant cockroaches
  3 goblins
  2 hobgoblins (D:1)
  4 kobolds
  2 bats (D:1)
  6 frilled lizards (D:1)
  A rat (D:1)
26 creatures vanquished.

Notes
Turn   | Place    | Note
-------+----------+-------------------------------------------
     0 | D:1      | manyhoops the Demigod Earth Elementalist began the quest
                  | for the Orb.
     0 | D:1      | Reached XP level 1. HP: 14/14 MP: 5/5
    39 | D:1      | You fall into a shaft and drop 1 floor!
   135 | D:1      | Reached skill level 3 in Earth Magic
   234 | D:1      | Reached XP level 2. HP: 20/20 MP: 5/7
   756 | D:2      | Reached XP level 3. HP: 7/26 MP: 2/9
   876 | D:2      | Found a runed translucent door.
   877 | D:2      | Noticed Crazy Yiuf
   919 | D:2      | Noticed Sigmund
   931 | D:2      | Slain by Sigmund

Illustrated notes

Levels and vault maps discovered:
D:1:      sevenhm_arrival_forest_fort_small_3, layout_rooms, st_stairs_9,
          minmay_misc_feat_hallway
D:2:      layout_basic, uniq_crazy_yiuf_cottage, uniq_sigmund

Skill      XL: |  1 |
---------------+----+-----
Earth Magic    | 3 |  3.5
Spellcasting   | 2 |  2.4
Dodging        | |  1.7
Stealth        | |  1.7
Transmutations | |  0.8

Action                     || total
---------------------------++-------
  Melee: Short sword       ||     1
         Dagger            ||     6
   Cast: Sandblast         ||    39
    Use: Potion            ||     3
 Armour: Robe              ||     5
  Dodge: Dodged            ||    11
